Cogmind - Beta 13 @@@ ROGUE MODE // 2024.04.26 @ 18:21:22 Player: Maxi98se Result: Destroyed by Y-45 Defender with Heavy Assault Rifle Performance ------------- Evolutions (0) 0 Regions Visited (2) 400 Robots Destroyed (26) 130 Value Destroyed (727) 727 Prototype IDs (2) 40 Alien Tech Used (0) 0 Bonus (0) 0 TOTAL SCORE: 1297 Bonus ------- None Cogmind --------- Core Integrity 0/250 Matter 140/300 Energy 87/100 System Corruption 6% Temperature Cool (2) Movement Core (150) Ox2 Location -10/Mines Parts ------- > --- POWER (1) -------- (None) > --- PROPULSION (2) --- (None) > --- UTILITY (2) ------ Small Storage Unit System Shield > --- WEAPON (2) ------- Light Assault Rifle Light Cannon > --- INVENTORY (8) ---- Medium Matter Pod (100) Sensor Array Tractor Beam Light EM Pulse Cannon Beam Cannon Welding Torch Mining Claw Peak State ------------ > --- POWER ------------ Ion Engine > --- PROPULSION ------- Improved Aluminum Leg Improved Aluminum Leg > --- UTILITY ---------- Improved Heat Sink Small Storage Unit > --- WEAPON ----------- Light EM Pulse Cannon Light EM Pulse Cannon > --- INVENTORY -------- Aluminum Leg Aluminum Leg Medium Matter Pod Tractor Beam Medium Laser Light Assault Rifle Welding Torch Mining Claw [Rating: 13] Favorites ----------- Power Ion Engine Engine Ion Engine Propulsion Improved Aluminum Leg Treads Light Treads Leg Improved Aluminum Leg Flight Unit Flight Unit Utility Small Storage Unit Device Improved Heat Sink Storage Small Storage Unit Hackware System Shield Weapon Medium Laser Energy Gun Medium Laser Energy Cannon Light EM Pulse Cannon Ballistic Gun Light Assault Rifle Ballistic Cannon Light Cannon Launcher Grenade Launcher Build | -11 -10 -10 ------- Run | Yrd Mat Min Slots Evolved . | . . . Power . | . . . Propulsion . | . . . Utility . | . . . Weapon . | . . . Parts Attached 29 | 6 18 5 Power 3 | 1 2 . Engine 3 | 1 2 . Core . | . . . Reactor . | . . . Propulsion 9 | 2 4 3 Treads 3 | 2 . 1 Leg 5 | . 4 1 Wheel . | . . . Hover . | . . . Flight 1 | . . 1 Utility 7 | 1 5 1 Device 4 | . 4 . Storage 2 | 1 1 . Processor . | . . . Hackware 1 | . . 1 Protection . | . . . Artifact . | . . . Weapon 10 | 2 7 1 Energy Gun 1 | 1 . . Energy Cannon 3 | . 3 . Ballistic Gun 3 | 1 1 1 Ballistic Cannon 1 | . 1 . Launcher 2 | . 2 . Special Weapon . | . . . Impact Weapon . | . . . Slashing Weapon . | . . . Piercing Weapon . | . . . Special Melee Weapon . | . . . Unidentified Prototypes . | . . . Parts Lost 8 | . 5 3 Power 2 | . 1 1 Propulsion 3 | . 2 1 Utility 1 | . 1 . Weapon 2 | . 1 1 Highest Loss Streak 3 | . 3 2 To Critical Strikes . | . . . Average Slot Usage (%) 88 | . 91 79 Engine 11 | . 13 6 Treads 6 | . 6 8 Leg 13 | . 17 2 Flight 1 | . . 4 Device 8 | . 11 . Storage 15 | . 15 14 Hackware 3 | . . 13 Energy Gun 5 | . 7 . Energy Cannon 5 | . 7 . Ballistic Gun 4 | . 5 . Ballistic Cannon 4 | . 1 14 Launcher 6 | . 3 13 Naked Turns . | . . . Heaviest Build 19 | 11 19 17 Greatest Support 40 | 40 40 26 Greatest Overweight (x) 5 | . 4 5 Average Overweight (x) . | . . 2 Largest Inventory Capacity 8 | 8 8 8 Average Capacity 7 | 7 8 8 Most Carried 8 | . 8 8 Average Carried 4 | . 4 7 Final Capacity 8 | 8 8 8 Final Carried 7 | . 7 7 Class Distribution -------------------- 100% | Mutant Dominant Class ---------------- Mutant | -10/Materials Mutant | -10/Mines Resources | -11 -10 -10 ----------- Run | Yrd Mat Min Matter Collected 639 | 217 381 41 Remotely . | . . . Salvage Created 659 | . 600 59 Parts 42 | . 40 2 Haulers Intercepted . | . . . Recyclers Shooed . | . . . Parts Field Recycled . | . . . Retrieved Matter . | . . . Parts Self-Destructed . | . . . Prevented . | . . . Kills | -11 -10 -10 ------- Run | Yrd Mat Min Combat Hostiles Destroyed 19 | . 16 3 Guns 10 | . 10 . Cannons 2 | . 1 1 AOE 7 | . 5 2 Classes Destroyed 7 | . 5 2 Worker 2 | . 2 . Tunneler 1 | . . 1 Operator 1 | . 1 . Watcher 3 | . 3 . Swarmer 3 | . 3 . Grunt 15 | . 13 2 Sentry 1 | . . 1 Best Kill Streak 7 | . 7 3 Combat Bots Only 4 | . 4 2 Max Kills in Single Turn 2 | . 2 1 Gunslinging . | . . . Exploded 1 | . 1 1 Melee . | . . . Uniques/NPCs Destroyed . | . . . Combat | -11 -10 -10 -------- Run | Yrd Mat Min Hostile Shots Fired 151 | . 120 31 Missed 43 | . 29 14 Damage Taken 1424 | . 1117 307 Core 261 | . 165 96 Absorbed by Shields . | . . . Core Remaining (%) 100 | 100 . . Volleys Fired 69 | . 57 12 Largest 2 | . 2 2 Hottest 112 | . 112 65 Shots Fired 134 | . 114 20 Gun 91 | . 90 1 Cannon 28 | . 16 12 Launcher 15 | . 8 7 Special . | . . . Kinetic 58 | . 45 13 Thermal 45 | . 45 . Explosive 15 | . 8 7 Electromagnetic 16 | . 16 . Robot Hit Streak 9 | . 9 7 Robot Miss Streak 5 | . 5 2 Penetration Max . | . . . Secondary Targets 4 | . 4 . Max Gunslinging Chain 1 | . 1 . Shots Hit Robots 79 | . 65 14 Core Hits 43 | . 36 7 Critical Kills . | . . . Critical Parts Destroyed . | . . . Critical Strikes 4 | . 4 . Burn 4 | . 4 . Melee Attacks . | . . . Impact . | . . . Slashing . | . . . Piercing . | . . . Sneak Attacks . | . . . Combat Hostiles . | . . . Follow-up Attacks . | . . . Damage Inflicted 1703 | . 1200 503 Guns 632 | . 622 10 Cannons 246 | . 118 128 Explosions 808 | . 445 363 Melee . | . . . Ramming 17 | . 15 2 Kinetic 367 | . 229 138 Thermal 393 | . 393 . Explosive 808 | . 445 363 Electromagnetic 118 | . 118 . Impact . | . . . Slashing . | . . . Piercing . | . . . Highest Corruption 6 | . 6 6 Average Corruption 5 | . 5 6 Corruption Purged . | . . . Corruption Blocked . | . . . Effects 16 | . 1 15 Message Errors 6 | . . 6 Matter Fused 1 | . . 1 Heat Flow Errors 2 | . . 2 Energy Discharges 4 | . 1 3 Data Loss (minor) 1 | . . 1 Data Loss (major) 1 | . . 1 Alerts 1 | . . 1 Overload Shots . | . . . Overflow Damage 62 | . 33 29 Projectiles 17 | . 17 . Explosions 45 | . 16 29 Melee . | . . . Knockbacks 1 | . . 1 Impact . | . . . Kinetic 1 | . . 1 Secondary . | . . . Self-Inflicted Damage 89 | . 56 33 Shots 6 | . 3 3 Rammed 1 | . 1 . Targets Rammed 3 | . 2 1 Kicked 2 | . 1 1 Crushed . | . . . Highest Temperature 429 | . 429 214 Average Temperature 106 | . 120 58 Received Heat Transfer 663 | . 558 105 Siege Activations . | . . . Robots Corrupted . | . . . Combat Hostiles . | . . . Parts Fried . | . . . Impact Corruptions . | . . . Robots Melted . | . . . Combat Hostiles . | . . . Parts Melted 2 | . 2 . Heat Transferred 1443 | . 1443 . Parts Sabotaged . | . . . Parts Stolen . | . . . Parts Stripped . | . . . Power Chain Reactions . | . . . Alert | -11 -10 -10 ------- Run | Yrd Mat Min Peak Influence 255 | . 255 93 Initial 31 | . . 31 Average 70 | . 94 41 Maximum Alert Level 1 | . 1 . Low Security (%) 98 | 100 97 100 Level 1 1 | . 2 . Level 2 . | . . . Level 3 . | . . . Level 4 . | . . . Level 5 . | . . . High Security . | . . . Max Security . | . . . Squads Dispatched 6 | . 6 . Investigation 3 | . 3 . Extermination . | . . . Reinforcement 3 | . 3 . Assault . | . . . Garrison . | . . . Intercept . | . . . Searches Triggered . | . . . Construction Impeded . | . . . Haulers Reinforced . | . . . Active Scanning Responses . | . . . Cargo Convoy Interrupts . | . . . Stealth | -11 -10 -10 --------- Run | Yrd Mat Min Distress Signals 6 | . 6 . Communications Jammed . | . . . Distress Signals . | . . . Times Spotted 35 | . 31 4 Peak Tracking Total 5 | . 5 2 Tactical Retreats 2 | . 2 . Traps | -11 -10 -10 ------- Run | Yrd Mat Min Traps Triggered 6 | . 6 . Indirectly . | . . . Trap Hack Attempts . | . . . Triggered . | . . . Disarmed 5 | . 5 . Reprogrammed . | . . . Reused . | . . . Traps Extracted . | . . . Installed . | . . . Triggered . | . . . Machines | -11 -10 -10 ---------- Run | Yrd Mat Min Machines Disabled 5 | . 3 2 Max in Single Turn 2 | . 1 2 Machines Repaired . | . . . Machines Dismantled . | . . . Machines Sabotaged . | . . . Overloaded Fab Kills . | . . . Hacking | -11 -10 -10 --------- Run | Yrd Mat Min Machines Accessed 6 | . 5 1 Terminals 5 | . 5 . Fabricators . | . . . Repair Stations . | . . . Recycling Units . | . . . Scanalyzers . | . . . Garrison Access . | . . . Total Hacks 15 | . 14 1 Successful 7 | . 6 1 Failed 8 | . 8 . Catastrophic 1 | . 1 . Database Lockouts . | . . . Manual . | . . . Terminals 14 | . 14 . Fabricators . | . . . Repair Stations . | . . . Recycling Units . | . . . Scanalyzers . | . . . Garrison Access . | . . . Terminal Hacks 7 | . 6 1 Prototype ID Bank 1 | . 1 . Open Door 1 | . . 1 Alert Level 1 | . 1 . Unreport Threat 1 | . 1 . Locate Traps 1 | . 1 . Disarm Traps 1 | . 1 . Zone Layout 1 | . 1 . Fabricator Hacks . | . . . Repair Station Hacks . | . . . Recycling Unit Hacks . | . . . Scanalyzer . | . . . Garrison Access Hacks . | . . . Unauthorized Hacks . | . . . Terminals . | . . . Fabricators . | . . . Repair Stations . | . . . Recycling Units . | . . . Scanalyzers . | . . . Garrison Access . | . . . Data Cores Recovered . | . . . Used . | . . . Hacking Detections 4 | . 4 . Full Trace Events 2 | . 2 . Feedback Events . | . . . Feedback Blocked . | . . . Robot Schematics Acquired . | . . . Robots Built . | . . . Authchips . | . . . Time . | . . . Total Robot Build Rating . | . . . Part Schematics Acquired . | . . . Parts Built . | . . . Authchips . | . . . Time . | . . . Total Part Build Rating . | . . . Parts Repaired . | . . . Time . | . . . Parts Recycled . | . . . Recycled Matter . | . . . Retrieved Matter . | . . . Retrieved Components . | . . . Parts Scanalyzed . | . . . Part Schematics Acquired . | . . . Parts Damaged . | . . . Bothacking | -11 -10 -10 ------------ Run | Yrd Mat Min Used RIF Installer . | . . . Robots Hacked . | . . . Non-combat . | . . . Combat . | . . . Robot Hacks Applied . | . . . Relay Couplers Released . | . . . Fabnet Peak Effective % . | . . . Robots Rewired . | . . . Allies Hacked . | . . . Hacks Repelled . | . . . Allies | -11 -10 -10 -------- Run | Yrd Mat Min Total Allies . | . . . Largest Group . | . . . Highest-Rated Group . | . . . Highest-Rated Ally . | . . . Total Orders . | . . . Ally Attacks . | . . . Total Damage . | . . . Kills . | . . . Allies Corrupted . | . . . Allies Melted . | . . . Intel | -11 -10 -10 ------- Run | Yrd Mat Min Robot Analysis Total . | . . . Derelict Logs Recovered . | . . . Drone Launches . | . . . Drone Recoveries . | . . . Exploration | -11 -10 -10 ------------- Run | Yrd Mat Min Turns Passed 2262 | 285 1455 522 Spaces Moved 1350 | 176 946 228 Core 105 | 4 5 96 Treads 418 | 172 238 8 Legs 749 | . 703 46 Wheels . | . . . Hover . | . . . Flight 78 | . . 78 Fastest Speed 50 | 50 120 120 Average Speed 148 | 157 132 210 Slowest Speed 300 | 160 250 300 Overloaded Moves . | . . . Propulsion Burnouts . | . . . Robots Hopped . | . . . Cave-ins Triggered . | . . . Exploration Rate (%) 47 | 10 95 37 Regions Visited 2 Branch Regions 1 Pre-discovered Areas . | . . . Known Exits Taken . | . . . Unknown Exits Taken 2 | 1 1 . Scrap Searched 1 | . . 1 Spaces Dug . | . . . Terrain Destroyed 76 | . 34 42 Melee . | . . . Projectile 1 | . . 1 AOE 75 | . 34 41 Terrain Rammed . | . . . Walls Destroyed . | . . . Machines Disabled . | . . . Actions | -11 -10 -10 --------- Run | Yrd Mat Min Total 1476 | 181 1044 251 Wait . | . . . Move 1348 | 175 945 228 Hop . | . . . Pick Up 8 | . 8 . Fast Attach 23 | 6 13 4 Attach 3 | . 2 1 Detach 4 | . 3 1 Swap 3 | . 3 . Drop 15 | . 11 4 Fire 69 | . 57 12 Melee . | . . . Ram . | . . . Kick 2 | . 1 1 Crush 1 | . 1 . Escape Stasis . | . . . Rewire . | . . . Trap . | . . . Miscellaneous . | . . . Route ------- -11/Scrapyard -10/Materials (discovered 4 exits: [*Mat x3] / *Min) -10/Mines (discovered 1 exit: [*Mat]) History --------- Turn | Location | Event 35 | -11/Scrapyard | Discovered new exit (range 15) 286 | -11/Scrapyard | Entered Materials 320 | -10/Materials | Build established: Mutant 333 | -10/Materials | Discovered new exit (range 15) 474 | -10/Materials | Lost 3 parts (1p1n1u) 607 | -10/Materials | Discovered new exit (range 7) 751 | -10/Materials | Core integrity fell below 50% 982 | -10/Materials | Discovered new exit (range 11) 1460 | -10/Materials | Discovered new exit (range 15) 1741 | -10/Materials | Entered Mines 1751 | -10/Mines | Met a Derelict who couldn't figure out how to use a Trap Extractor 1995 | -10/Mines | Core integrity fell below 20% 2189 | -10/Mines | Discovered new exit (range 11) 2263 | -10/Mines | Destroyed by Y-45 Defender with Heavy Assault Rifle Last Messages --------------- U-05 Engineer lays Concrete. Searching scrap... Found Flight Unit. Found Welding Torch. Found 41 Matter. Acquired 41 matter. Acquired Flight Unit. H1JSWJ2B W7MBZ,YXNWRR,OR Dropped Adv. Treads. System corrupted: Energy discharge (-38). QB%TXA243ZJ,OVF54EJP&9 Grenade Launcher destroyed. Y-45 Defender destroyed. System corrupted: Matter fused (-9). Map ----- +----------------------------------------------------+ | ?????????????????????????????????????????? | | ??????????????????????? ?????????????????? | | ???????????????????????# ????????????????? | | ???????????????????????# ???####?????????? | | ??????????????????????## ??## ######????? | | ??????????????????????? ??# ## ##???? | | ???????????????????????# ?# ##### | | ??????????????????????## ### | | ??????????????????????# # # | | ??????####????????????## ## ###### | | ?????## ##???????????# ##????? | | ?????# #???????????# ####?????? | | ?????# #???????????# ###????????? | | ?????# #???????????# #?????????? | | ????## #????????????## # ##????????? | | ????# ##?????????????### ###????### | | ????# #??????#????????# ##??##"" | | ????# ##???## #?####??# #??#" [ | | ????# ##??# # # ???## ## ##??# | | ???## ##?# %????### #?# #???#"] | | ??## ### % Y ##?????# #?? #???# ! | | ??# ## ||%! !#?????# #???#???## | | ??# """ ## ! ]!#?????# #???????#### | | ??# """ ## ####??# #??????????? | | ??## """ #?# ##?# #??????????? | | ???# #?# @ ### #??????????? | | ???## ##?# ## #??????????? | | ????#### ###?## #??????????? | | ???????# ##### #??????????? | | ???????# #####??????????? | | ???????# | ##??????????????? | | ???????######## #???????????????? | | ????#######???# #???????????????? | | ????# #???# ##???????????????? | | ????# ##### #????????????????? | | ????# #????????????????? | | ????# < ## ##????????????????? | | ????# ### #######?????????????????? | | ????# ## #???????????????????????? | | ????######## #???????????????????????? | | ???????????# #???????????????????????? | | ???????????## ##???????????????????????? | | ????????????#####????????????????????????? | | ?????????????????????????????????????????? | | ?????????????????????????????????????????? | | ?????????????????????????????????????????? | | | | | | | | | +----------------------------------------------------+ Best States ------------- Heat Dissipation 39 Energy Generation 10 Energy Capacity 250 Matter Stores 300 Matter Capacity 400 Sight Range 16 Robot Scan Range 14 Terrain Scan Density 10 Evasion (%) 55 Recoil Reduction 2 Defensive Hacking 10 Item Schematics ----------------- None Robot Schematics ------------------ None Fabricated ------------ Nothing Alien Tech Used ----------------- None Achievements -------------- Everything Is Under Control One Hack Too Far Storm Trooper Uninvited Guest Challenges ------------ None Game ------ Seed StructuralDirtyTerrabomb Manual? 0 Play Time 00:23:54 Cumulative 0.9 hours Start 2024.04.26 @ 17:50:15 End 2024.04.26 @ 18:21:22 Sessions 1 Manual Loads 0 Difficulty Rogue Special Mode None Game No. 2 Rogue 2 Adventurer 0 Explorer 0 Win Type - Total 0 Types 0/0/0/0/0/0/0/0/0 Lore% 0 Gallery% 2 Achievement% 2 Wizard Run 0 Options --------- Layout 1 ASCII 0 Keyboard 1 Movement Vi Keybinds 0 Fullscreen 1 Font 16/SmallcapsGlow Map View 50x40 Zoom Use 0% Tactical HUD 0 Map Filters NONE Filters NONE Steam 1 RUN: 1e82ab83-2649-4001-a1b4-f58782d62210